 Dungeon Crawl Stone Soup version 0.16.2-12-gd0ad4c3 (webtiles) character file.

205 faibistes the Magician (level 5, 0/25 HPs)
             Began as a Deep Elf Wizard on July 15, 2018.
             Slain by a hound (2 damage)
             ... on level 4 of the Dungeon.
             The game lasted 00:07:01 (2302 turns).

faibistes the Magician (Deep Elf Wizard)            Turns: 2302, Time: 00:07:01

Health: 0/25       AC:  2    Str:  4    XL:     5   Next: 52%
Magic:  20/20      EV: 13    Int: 24    God:
Gold:   64         SH:  0    Dex: 13    Spells: 6 memorised, 3 levels left

rFire  . . .     SeeInvis .     e - +0 short sword (venom)
rCold  . . .     Clarity  .     a - +0 robe
rNeg   . . .     SustAb   .     (no shield)
rPois  +         Gourm    .     b - +0 hat
rElec  .         Spirit   .     (no cloak)
rCorr  .         Warding  .     (no gloves)
rMut   .         Stasis   .     (no boots)
MR     .....                    (no amulet)
Stlth  ++........               (no ring)
                                (no ring)

@: repel missiles, not resistant to hostile enchantments, unstealthy
A: frail 1, poison resistance, placid magic 1
a: no special abilities


You were on level 4 of the Dungeon.
You were not hungry.

You visited 1 branch of the dungeon, and saw 4 of its levels.

You collected 64 gold pieces.

Inventory:

Hand weapons
 e - a +0 short sword of venom (weapon)
Armour
 a - a +0 robe (worn)
 b - a +0 hat (worn)
Magical devices
 q - a wand of disintegration (23)
Scrolls
 n - 3 scrolls of identify {unknown}
 p - a scroll of teleportation {unknown}
 t - a scroll of noise {unknown}
Potions
 o - a potion of mutation
 s - a potion of restore abilities {unknown}
Books
 c - a book of Minor Magic

   Spells                             Type                      Level
   a - Magic Dart                     Conjuration                  1
   b - Blink                          Translocation                2
   c - Call Imp                       Summoning                    2
   d - Repel Missiles                 Charms/Air                   2
   e - Slow                           Hexes                        2
   f - Conjure Flame                  Conjuration/Fire             3
   g - Mephitic Cloud                 Conjuration/Poison/Air       3
Comestibles
 d - 2 bread rations
 l - a meat ration


   Skills:
 + Level 3.5 Dodging
 - Level 2.4 Stealth
 * Level 6.3 Spellcasting
 * Level 4.1 Conjurations
 - Level 1.1 Summonings
 - Level 1.1 Translocations


You had 3 spell levels left.
You knew the following spells:

 Your Spells              Type           Power        Failure   Level  Hunger
a - Magic Dart            Conj           ###.         1%          1    None
b - Conjure Flame         Conj/Fire      ##......     5%          3    None
c - Call Imp              Summ           #.......     4%          2    None
d - Blink                 Tloc           N/A          4%          2    None
e - Mephitic Cloud        Conj/Pois/Air  #.......     9%          3    None
f - Repel Missiles        Chrm/Air       #.....       5%          2    None


Dungeon Overview and Level Annotations

Branches:
Dungeon (4/15)
 Temple: D:4-7

Altars:
Trog

Annotations:
D:3 Robin


Innate Abilities, Weirdness & Mutations

You are frail (-10% HP).
Your system is resistant to poisons.
Your spells are a little easier to cast, but a little less powerful.


Message History

The ball explodes into a vile cloud!
The stinking cloud engulfs the worm.
You hear a shout!
Unknown command.
The goblin shoots a stone.
The stone hits you.
* * * LOW HITPOINT WARNING * * *
The worm is engulfed in noxious fumes.
The worm appears confused.
You see here a stone.
Drink which item? (? for menu, Esc to quit)
It was a potion of mutation.
You feel extremely strange.
Your connection to magic feels subdued.
You feel frail.
You feel resistant to poisons.
Casting: Mephitic Cloud
Confirm with . or Enter, or press ? or * to list all spells.
Okay, then.
Drink which item? (? for menu, Esc to quit)
It was a potion of magic.
Magic courses through your body. The hound bites you.
* * * LOW HITPOINT WARNING * * *
Drink which item? (? for menu, Esc to quit)
It was a potion of poison.
You feel slightly nauseous. The hound bites you.
You die...

# ..# #.# #.#### #.#..
#.#.# # #.#####.#.##.###
.......(......... # #.#
#..@.O..#... #.#.#
##.h######.... # #.#.#
#.J.# #......
#.#.#.###r..#####.......
###........g.............
#.....g....!..§####.##.###
###.#r.)....§............
#..#.....###....#### #
#.###...........####.#.


You could see an ogre, a hound, an ooze, a goblin and a rat.

Vanquished Creatures
  An ogre (D:4)
  A hound (D:3)
  Jessica (D:2)
  4 gnolls (D:1)
  An ooze (D:2)
  4 bats (D:1)
  8 goblins
  5 hobgoblins
  6 kobolds (D:1)
  2 quokkas
  2 giant cockroaches (D:1)
  A giant gecko (D:2)
  A giant newt (D:4)
  A quokka skeleton (D:4)
  2 rats (D:1)
40 creatures vanquished.

Notes
Turn   | Place    | Note
--------------------------------------------------------------
     0 | D:1      | faibistes, the Deep Elf Wizard, began the quest for the Orb.
     0 | D:1      | Reached XP level 1. HP: 10/10 MP: 6/6
   429 | D:1      | Reached XP level 2. HP: 13/15 MP: 1/10
   436 | D:1      | Learned a level 2 spell: Blink
   439 | D:1      | Learned a level 2 spell: Call Imp
   850 | D:1      | You fall through a shaft!
   918 | D:2      | Noticed Jessica
   925 | D:2      | Killed Jessica
   925 | D:2      | Reached skill level 5 in Spellcasting
   925 | D:2      | Reached XP level 3. HP: 10/19 MP: 7/14
   933 | D:2      | Learned a level 3 spell: Conjure Flame
   937 | D:2      | Learned a level 3 spell: Mephitic Cloud
  1397 | D:1      | Reached XP level 4. HP: 22/24 MP: 12/17
  1404 | D:1      | Learned a level 2 spell: Repel Missiles
  1980 | D:4      | Found a bloodstained altar of Trog.
  2017 | D:4      | Noticed an ogre
  2241 | D:4      | Killed an ogre
  2241 | D:4      | Reached skill level 6 in Spellcasting
  2241 | D:4      | Reached XP level 5. HP: 19/28 MP: 3/20
  2288 | D:4      | Noticed an ogre
  2295 | D:3      | Noticed Robin
  2300 | D:4      | Gained mutation: Your spells are a little easier to cast, but a little less powerful. [potion of mutation]
  2300 | D:4      | Gained mutation: You are frail (-10% HP). [potion of mutation]
  2300 | D:4      | Gained mutation: Your system is resistant to poisons. [potion of mutation]
  2301 | D:4      | HP: 1/25 [hound (1)]
  2302 | D:4      | Slain by a hound

Action                   |  1- 3 |  4- 6 || total
-------------------------+-------+-------++-------
Melee: Short sword       |    26 |    12 ||    38
 Cast: Magic Dart        |    48 |    30 ||    78
       Blink             |     5 |     3 ||     8
       Mephitic Cloud    |     4 |     5 ||     9
       Conjure Flame     |       |     1 ||     1
       Repel Missiles    |       |     1 ||     1
  Use: Scroll            |       |     5 ||     5
       Potion            |       |     3 ||     3
 Stab: Sleeping          |     1 |       ||     1
       Confused          |     1 |       ||     1
  Eat: Chunk             |     1 |     3 ||     4
